APL (24 & UNDER)
NANTUCKET ORCAS @ SCOTTSDALE SCORPIONS
08/27/2026
 
TOP OF THE 1ST
Nantucket Orcas batting - Pitching for Scottsdale Scorpions : RHP Manny Silva
Pitching: RHP Manny Silva
Batting: RHB Jorge Hernández 0-0: Ball
1-0: Called Strike
1-1: Ball
2-1: Foul Ball, location: 2F
2-2: Strikes out swinging
Batting: RHB Ramón Díaz 0-0: Called Strike
0-1: Ball
1-1: Foul Ball, location: 2F
1-2: Ball
2-2: Strikes out looking
Batting: SHB Cory Campbell 0-0: Ball
1-0: Called Strike
1-1: Foul Ball, location: 2F
1-2: Foul Ball, location: 2F
1-2: Ball
2-2: Strikes out swinging
Top of the 1st over - 0 run(s), 0 hit(s), 0 error(s), 0 left on base; Nantucket 0 - Scottsdale 0
BOTTOM OF THE 1ST
Scottsdale Scorpions batting - Pitching for Nantucket Orcas : LHP Esteban Soto
Pitching: LHP Esteban Soto
Batting: RHB Ricardo Gutiérrez 0-0: Ball
1-0: Called Strike
1-1: Ball
2-1: Ball
3-1: Base on Balls
Batting: RHB David Suarze 0-0: Ball
1-0: Ball
2-0: Ball
3-0: Called Strike
3-1: Base on Balls
Ricardo Gutiérrez to second
Batting: LHB Claudio Rodríguez 0-0: Ball
1-0: Called Strike
1-1: DOUBLE (Flyball, 78XD)
Ricardo Gutiérrez scores
David Suarze to third
Batting: RHB Gary Thomas 0-0: Ball
1-0: Swinging Strike
1-1: Ball
2-1: Foul Ball, location: 2F
2-2: Ball
3-2: Foul Ball, location: 2F
3-2: Ground out 5-3 (Groundball, 5L)
Batting: RHB Sergio Domínguez 0-0: Ball
1-0: Ball
2-0: Fly out, F6 (Popup, 6M)
Batting: RHB Felipe Domínguez 0-0: Ball
1-0: Called Strike
1-1: Called Strike
1-2: Fly out, F8 (Flyball, 8LS)
Bottom of the 1st over - 1 run(s), 1 hit(s), 0 error(s), 2 left on base; Nantucket 0 - Scottsdale 1
TOP OF THE 2ND
Nantucket Orcas batting - Pitching for Scottsdale Scorpions : RHP Manny Silva
Batting: RHB Roberto Canó 0-0: Ball
1-0: Ball
2-0: Ball
3-0: Base on Balls
Batting: LHB Noah Gillespie 0-0: Called Strike
0-1: Ball
1-1: Fly out, F6 (Popup, 6MD)
Batting: RHB César Osequedo 0-0: Fielders Choice at 2nd, 6-4 (Groundball, 6)
Batting: LHB Eugene Lee 0-0: Ground out 4-3 (Groundball, 34)
Top of the 2nd over - 0 run(s), 0 hit(s), 0 error(s), 1 left on base; Nantucket 0 - Scottsdale 1
BOTTOM OF THE 2ND
Scottsdale Scorpions batting - Pitching for Nantucket Orcas : LHP Esteban Soto
Batting: LHB Justin Holland 0-0: Called Strike
0-1: Called Strike
0-2: Ground out 5-3 (Groundball, 56)
Batting: RHB Lúcio Ramírez 0-0: Ball
1-0: Foul Ball, location: 2F
1-1: Ball
2-1: Foul Ball, location: 2F
2-2: Foul Ball, location: 2F
2-2: Ball
3-2: Base on Balls
Batting: LHB Alberto Roberts 0-0: Ball
1-0: Swinging Strike
1-1: Foul Ball, location: 2F
1-2: Fielders Choice at 2nd, 6-4 (Groundball, 6M)
Batting: RHB Ricardo Gutiérrez 0-0: Fly out, F3 (Popup, 3F)
Bottom of the 2nd over - 0 run(s), 0 hit(s), 0 error(s), 1 left on base; Nantucket 0 - Scottsdale 1
TOP OF THE 3RD
Nantucket Orcas batting - Pitching for Scottsdale Scorpions : RHP Manny Silva
Batting: RHB Domingo Hernández 0-0: Foul Ball, location: 2F
0-1: Swinging Strike
0-2: Strikes out swinging
Batting: RHB Anastasio Zartuche 0-0: Called Strike
0-1: Ground out 6-3 (Groundball, 6M)
Batting: RHB Jorge Hernández 0-0: Called Strike
0-1: Called Strike
0-2: Ball
1-2: Fly out, F1 (Popup, 23)
Top of the 3rd over - 0 run(s), 0 hit(s), 0 error(s), 0 left on base; Nantucket 0 - Scottsdale 1
BOTTOM OF THE 3RD
Scottsdale Scorpions batting - Pitching for Nantucket Orcas : LHP Esteban Soto
Batting: RHB David Suarze 0-0: Called Strike
0-1: Swinging Strike
0-2: Strikes out swinging
Batting: LHB Claudio Rodríguez 0-0: Called Strike
0-1: Ball
1-1: Swinging Strike
1-2: Ball
2-2: Hit by Pitch
Batting: RHB Gary Thomas 0-0: Called Strike
0-1: Ball
1-1: Swinging Strike
1-2: Ball
2-2: Ball
3-2: Base on Balls
Claudio Rodríguez to second
Batting: RHB Sergio Domínguez 0-0: Ball
1-0: Ball
2-0: Ball
3-0: Base on Balls
Claudio Rodríguez to third
Gary Thomas to second
Batting: RHB Felipe Domínguez 0-0: Ball
1-0: Ball
2-0: Foul Ball, location: 2F
2-1: Ball
3-1: Grounds into fielders choice 1-2 (Groundball, 13S)
Gary Thomas to third
Sergio Domínguez to second
Batting: LHB Justin Holland 0-0: Swinging Strike
0-1: Swinging Strike
0-2: Strikes out swinging
Bottom of the 3rd over - 0 run(s), 0 hit(s), 0 error(s), 3 left on base; Nantucket 0 - Scottsdale 1
TOP OF THE 4TH
Nantucket Orcas batting - Pitching for Scottsdale Scorpions : RHP Manny Silva
Batting: RHB Ramón Díaz 0-0: Ball
1-0: Ball
2-0: Called Strike
2-1: Ball
3-1: Base on Balls
Batting: SHB Cory Campbell 0-0: Ball
1-0: Ball
2-0: Called Strike
2-1: Foul Ball, location: 2F
2-2: SINGLE (Groundball, 15S) (infield hit)
Ramón Díaz to second
Batting: RHB Roberto Canó 0-0: Ball
1-0: Fielders Choice at 2nd, 2-6 (Groundball, 2L)
Ramón Díaz to third
Batting: LHB Noah Gillespie 0-0: Ball
1-0: Swinging Strike
1-1: Swinging Strike
1-2: Strikes out swinging
Batting: RHB César Osequedo 0-0: Ball
1-0: Called Strike
1-1: SINGLE (Line Drive, 78S)
Ramón Díaz scores
Roberto Canó to second
Batting: LHB Eugene Lee 0-0: SINGLE (Line Drive, 9LM)
Roberto Canó to third
César Osequedo to second
Batting: RHB Domingo Hernández 0-0: Foul Ball, location: 2F
0-1: Ground out 5-3 (Groundball, 5)
Top of the 4th over - 1 run(s), 3 hit(s), 0 error(s), 3 left on base; Nantucket 1 - Scottsdale 1
BOTTOM OF THE 4TH
Scottsdale Scorpions batting - Pitching for Nantucket Orcas : LHP Esteban Soto
Batting: RHB Lúcio Ramírez 0-0: Ball
1-0: Called Strike
1-1: Swinging Strike
1-2: Ball
2-2: Ball
3-2: Base on Balls
Batting: LHB Alberto Roberts 0-0: Called Strike
Lúcio Ramírez is caught stealing 2nd base
0-1: Ground out 4-3 (Groundball, 34)
Batting: RHB Ricardo Gutiérrez 0-0: Ground out 6-3 (Groundball, 6)
Bottom of the 4th over - 0 run(s), 0 hit(s), 0 error(s), 0 left on base; Nantucket 1 - Scottsdale 1
TOP OF THE 5TH
Nantucket Orcas batting - Pitching for Scottsdale Scorpions : RHP Manny Silva
Batting: RHB Anastasio Zartuche 0-0: Fly out, F6 (Line Drive, 6)
Batting: RHB Jorge Hernández 0-0: Hit by Pitch
Batting: RHB Ramón Díaz 0-0: Ball
1-0: Ball
2-0: Called Strike
2-1: Ball
3-1: Called Strike
3-2: Base on Balls
Jorge Hernández to second
Batting: SHB Cory Campbell 0-0: Ball
1-0: Foul Ball, location: 2F
1-1: Swinging Strike
1-2: Strikes out swinging
Batting: RHB Roberto Canó 0-0: Ball
1-0: Fielders Choice at 2nd, U6 (Groundball, 6M)
Top of the 5th over - 0 run(s), 0 hit(s), 0 error(s), 2 left on base; Nantucket 1 - Scottsdale 1
BOTTOM OF THE 5TH
Scottsdale Scorpions batting - Pitching for Nantucket Orcas : LHP Esteban Soto
Batting: RHB David Suarze 0-0: Called Strike
0-1: Ground out 5-3 (Groundball, 5S)
Batting: LHB Claudio Rodríguez 0-0: Called Strike
0-1: Ball
1-1: Called Strike
1-2: Foul Ball, location: 2F
1-2: Strikes out swinging
Batting: RHB Gary Thomas 0-0: Called Strike
0-1: Called Strike
0-2: Ball
1-2: Foul Ball, location: 2F
1-2: SINGLE (Groundball, 6MD)
Pitching: RHP Sean Flynn
Batting: RHB Sergio Domínguez 0-0: Called Strike
0-1: Ball
1-1: Foul Ball, location: 2F
1-2: Strikes out swinging
Bottom of the 5th over - 0 run(s), 1 hit(s), 0 error(s), 1 left on base; Nantucket 1 - Scottsdale 1
TOP OF THE 6TH
Nantucket Orcas batting - Pitching for Scottsdale Scorpions : RHP Manny Silva
Batting: LHB Noah Gillespie 0-0: Called Strike
0-1: Ball
1-1: Ball
2-1: Ball
3-1: Fly out, F9 (Line Drive, 9D)
Batting: RHB César Osequedo 0-0: Ground out 5-3 (Groundball, 5L)
Batting: LHB Eugene Lee 0-0: Ball
1-0: Called Strike
1-1: Fly out, F7 (Flyball, 78M)
Top of the 6th over - 0 run(s), 0 hit(s), 0 error(s), 0 left on base; Nantucket 1 - Scottsdale 1
BOTTOM OF THE 6TH
Scottsdale Scorpions batting - Pitching for Nantucket Orcas : RHP Sean Flynn
Batting: RHB Felipe Domínguez 0-0: SINGLE (Line Drive, 7S)
Batting: LHB Justin Holland 0-0: Called Strike
0-1: Ball
1-1: Ball
2-1: Foul Ball, location: 2F
2-2: Strikes out swinging
Batting: RHB Lúcio Ramírez 0-0: Swinging Strike
0-1: Swinging Strike
0-2: Foul Ball, location: 2F
0-2: Foul Ball, location: 2F
0-2: Ball
1-2: SINGLE (Line Drive, 78S)
Felipe Domínguez to second
Batting: LHB Alberto Roberts 0-0: Ball
1-0: Hit by Pitch
Felipe Domínguez to third
Lúcio Ramírez to second
Batting: RHB Ricardo Gutiérrez 0-0: Ball
1-0: SINGLE (Groundball, 13S) (infield hit)
Felipe Domínguez scores
Lúcio Ramírez to third
Alberto Roberts to second
Batting: RHB David Suarze 0-0: Called Strike
0-1: Foul Ball, location: 2F
0-2: Ball
1-2: Ball
Wild Pitch!
Lúcio Ramírez scores
Alberto Roberts to third
Ricardo Gutiérrez to second
2-2: Foul Ball, location: 2F
2-2: Ball
3-2: Foul Ball, location: 2F
3-2: Base on Balls
Batting: LHB Claudio Rodríguez 0-0: Ball
1-0: Ball
2-0: Foul Ball, location: 2F
2-1: Foul Ball, location: 2F
2-2: Ball
3-2: SINGLE (Groundball, 4M)
Alberto Roberts scores
Ricardo Gutiérrez to third
David Suarze to second
Runner from 3rd tries for Home, SAFE, no throw or cutoff
Pitching: RHP Mathew Wilcox
Batting: RHB Gary Thomas 0-0: Foul Ball, location: 2F
0-1: Fly out, F8 (Flyball, 8LXD)
Runner from 2nd tags up, SAFE at 3rd, no throw
Batting: RHB Sergio Domínguez 0-0: Ball
1-0: Ground out U3 (Groundball, 3L)
Bottom of the 6th over - 4 run(s), 4 hit(s), 0 error(s), 2 left on base; Nantucket 1 - Scottsdale 5
TOP OF THE 7TH
Nantucket Orcas batting - Pitching for Scottsdale Scorpions : RHP Manny Silva
Batting: RHB Domingo Hernández 0-0: Called Strike
0-1: Foul Ball, location: 2F
0-2: Strikes out swinging
Batting: RHB Anastasio Zartuche 0-0: Foul Ball, location: 2F
0-1: Foul Ball, location: 2F
0-2: Ball
1-2: Ball
2-2: Strikes out swinging
Batting: RHB Jorge Hernández 0-0: Foul Ball, location: 2F
0-1: Fly out, F9 (Flyball, 89M)
Top of the 7th over - 0 run(s), 0 hit(s), 0 error(s), 0 left on base; Nantucket 1 - Scottsdale 5
BOTTOM OF THE 7TH
Scottsdale Scorpions batting - Pitching for Nantucket Orcas : RHP Mathew Wilcox
Batting: RHB Felipe Domínguez 0-0: Ball
1-0: Foul Ball, location: 2F
1-1: Swinging Strike
1-2: Ball
2-2: Strikes out swinging
Batting: LHB Justin Holland 0-0: Ball
1-0: SINGLE (Groundball, 34D)
Batting: RHB Lúcio Ramírez 0-0: SINGLE (Flyball, 9LS)
Justin Holland to second
Throwing error, E9
Justin Holland scores
Lúcio Ramírez to second
Batting: LHB Alberto Roberts 0-0: Called Strike
0-1: Ball
1-1: Ground out U3 (Groundball, 3S)
Lúcio Ramírez to third
Batting: RHB Ricardo Gutiérrez 0-0: Called Strike
0-1: Foul Ball, location: 2F
0-2: Ball
1-2: Foul Ball, location: 2F
1-2: Foul Ball, location: 2F
1-2: Ball
2-2: Foul Ball, location: 2F
2-2: Foul Ball, location: 2F
2-2: Ball
3-2: Foul Ball, location: 2F
3-2: Reached on error, E6 (Groundball, 6)
Lúcio Ramírez scores
Batting: RHB David Suarze 0-0: Fly out, F9 (Flyball, 9S)
Bottom of the 7th over - 2 run(s), 2 hit(s), 2 error(s), 1 left on base; Nantucket 1 - Scottsdale 7
TOP OF THE 8TH
Nantucket Orcas batting - Pitching for Scottsdale Scorpions : RHP Manny Silva
Pitching: RHP Tom Hudson
Batting: RHB Ramón Díaz 0-0: Foul Ball, location: 2F
0-1: Called Strike
0-2: Ball
1-2: Fly out, F7 (Flyball, 7D)
Batting: SHB Cory Campbell 0-0: Called Strike
0-1: Foul Ball, location: 2F
0-2: Strikes out looking
Batting: RHB Roberto Canó 0-0: Called Strike
0-1: Ball
1-1: Ground out 1-3 (Groundball, 13)
Top of the 8th over - 0 run(s), 0 hit(s), 0 error(s), 0 left on base; Nantucket 1 - Scottsdale 7
BOTTOM OF THE 8TH
Scottsdale Scorpions batting - Pitching for Nantucket Orcas : RHP Mathew Wilcox
Batting: LHB Claudio Rodríguez 0-0: Ball
1-0: Ball
2-0: Ball
3-0: Base on Balls
Batting: RHB Gary Thomas 0-0: Grounds into double play, 6-4-3 (Groundball, 6)
Batting: RHB Sergio Domínguez 0-0: Called Strike
0-1: Called Strike
0-2: Strikes out swinging
Bottom of the 8th over - 0 run(s), 0 hit(s), 0 error(s), 0 left on base; Nantucket 1 - Scottsdale 7
TOP OF THE 9TH
Nantucket Orcas batting - Pitching for Scottsdale Scorpions : RHP Tom Hudson
Batting: LHB Noah Gillespie 0-0: Ball
1-0: Called Strike
1-1: Swinging Strike
1-2: Foul Ball, location: 2F
1-2: Foul Ball, location: 2F
1-2: Ground out 4-3 (Groundball, 34)
Batting: RHB César Osequedo 0-0: Ball
1-0: Ball
2-0: Ball
3-0: Called Strike
3-1: Base on Balls
Batting: LHB Eugene Lee 0-0: Called Strike
0-1: Ball
1-1: Called Strike
1-2: Ball
2-2: Strikes out swinging
Batting: RHB Domingo Hernández 0-0: Called Strike
0-1: Foul Ball, location: 2F
0-2: Ball
1-2: Strikes out looking
Top of the 9th over - 0 run(s), 0 hit(s), 0 error(s), 1 left on base; Nantucket 1 - Scottsdale 7
Monday, December 5th, 2016 - OOTP Baseball 17.12 Build 75